[Event "Gibraltar Junior Intl U16 2019"]
[Site "Caleta"]
[Date "2019.08.16"]
[Round "1.1"]
[White "Garrido Outon, Alex"]
[Black "Walker, Max"]
[Result "1-0"]
[ECO "B09"]
[WhiteElo "2231"]
[BlackElo "1667"]
[Annotator "RC"]
[PlyCount "103"]
[EventDate "2019.08.16"]
[EventType "swiss"]
[EventCountry "GGB"]
[SourceTitle "playchess.com"]
[Source "ChessBase"]
[SourceQuality "1"]
[TimeControl "6600+10"]

1. e4 d6 2. d4 Nf6 3. Nc3 g6 4. f4 Bg7 5. Nf3 c6 6. Bd3 O-O 7. O-O Nbd7 8. e5 dxe5 9. fxe5 Nd5 10. a3 Nxc3 11. bxc3 b6 12. a4 e6 13. Qe1 a5 14. Bg5 Qe8 15. Qh4 f6 16. exf6 Nxf6 17. Ne5 Nd5 18. Rxf8+ Bxf8 19. Rf1 Ra7 20. c4 Nb4 21. Be4 Bg7 22. Bf6 Bxf6 23. Rxf6 Rg7 24. c3 Na6 25. Qf2 Bd7 26. Ng4 Re7 27. Rxg6+ hxg6 28. Nf6+ Kg7 29. Nxe8+ Bxe8 30. Qg3 e5 31. dxe5 Nc5 32. Bc2 Bf7 33. Qg5 Re6 34. h4 Nd7 35. h5 Nxe5 36. c5 bxc5 37. hxg6 Bxg6 38. Bxg6 Nf3+ 39. gxf3 Rxg6 40. Qxg6+ Kxg6 41. Kf2 Kf5 42. Ke3 Ke5 43. c4 Kf5 44. f4 Kf6 45. Ke4 Ke6 46. f5+ Kd6 47. Kf4 Kd7 48. Ke5 Ke7 49. f6+ Kf7 50. Kf5 Kg8 51. Ke6 Kf8 52. f7 1-0

[Event "Gibraltar Junior Intl U16 2019"]
[Site "Caleta"]
[Date "2019.08.16"]
[Round "1.2"]
[White "Shepherd, Tom"]
[Black "Cuellar Montes, Alejandro"]
[Result "0-1"]
[ECO "D38"]
[WhiteElo "1659"]
[BlackElo "2143"]
[Annotator "ChessBase"]
[PlyCount "162"]
[EventDate "2019.08.16"]
[EventType "swiss"]
[EventCountry "GGB"]
[SourceTitle "playchess.com"]
[Source "ChessBase"]
[SourceQuality "1"]
[TimeControl "6600+10"]

1. d4 Nf6 2. Nf3 e6 3. c4 d5 4. Nc3 Bb4 5. Qa4+ Nc6 6. e3 O-O 7. Bd2 Bd7 8. Qc2 Bxc3 9. Bxc3 Ne4 10. Bd3 f5 11. b4 Qe7 12. a3 Nd8 13. Ne5 Nf7 14. Nxf7 Rxf7 15. O-O Raf8 16. f3 Nxc3 17. Qxc3 c6 18. c5 g5 19. e4 fxe4 20. fxe4 Rf4 21. e5 Kh8 22. Be2 g4 23. Qd3 Be8 24. g3 Rxf1+ 25. Rxf1 Rxf1+ 26. Kxf1 Qg5 27. Kf2 Bg6 28. Qe3 Qh5 29. Kg1 Bf5 30. Qf4 Qg6 31. Kf2 Kg7 32. Bd1 h5 33. Be2 Kh7 34. Bd1 Qg7 35. Be2 Kg6 36. Bd1 Qh8 37. Be2 Qa8 38. Qd2 Qd8 39. a4 b6 40. Qc3 h4 41. gxh4 Qxh4+ 42. Qg3 Qg5 43. Qe3 Qd8 44. Qf4 bxc5 45. bxc5 Qh4+ 46. Qg3 Qh5 47. Qf4 Kh7 48. Kg3 Qh3+ 49. Kf2 Qh4+ 50. Qg3 Qh5 51. Qf4 Kg7 52. Kg3 Qh3+ 53. Kf2 Kf7 54. Qg3 Qh5 55. Qf4 Ke8 56. Kg3 Qh3+ 57. Kf2 Kd7 58. a5 Qh4+ 59. Qg3 Qh6 60. Bxg4 Qd2+ 61. Be2 Qxd4+ 62. Qe3 Qh4+ 63. Qg3 Qd4+ 64. Qe3 Qb4 65. a6 d4 66. Qg5 Qxc5 67. Qg7+ Qe7 68. Qf6 Qxf6 69. exf6 Bg6 70. Bg4 Bf5 71. Bf3 Ke8 72. Bh5+ Kf8 73. Ke2 c5 74. h4 c4 75. Kd2 c3+ 76. Kc1 e5 77. Kd1 e4 78. Ke1 e3 79. Kd1 d3 80. Bf3 c2+ 81. Kc1 d2+ 0-1

[Event "Gibraltar Junior Intl U16 2019"]
[Site "Caleta"]
[Date "2019.08.16"]
[Round "1.3"]
[White "Perez Beltran, Salvador"]
[Black "Patel, Devan"]
[Result "1-0"]
[ECO "C69"]
[WhiteElo "2103"]
[BlackElo "1659"]
[Annotator "ChessBase"]
[PlyCount "93"]
[EventDate "2019.08.16"]
[EventType "swiss"]
[EventCountry "GGB"]
[SourceTitle "playchess.com"]
[Source "ChessBase"]
[SourceQuality "1"]
[TimeControl "6600+10"]

1. e4 e5 2. Nf3 Nc6 3. Bb5 a6 4. Bxc6 dxc6 5. O-O f6 6. d4 exd4 7. Nxd4 c5 8. Nb3 Qxd1 9. Rxd1 Be6 10. Bf4 c4 11. Nd4 O-O-O 12. Nc3 Bf7 13. Nd5 Bxd5 14. exd5 Rxd5 15. Ne6 Ne7 16. Nxc7 Rxd1+ 17. Rxd1 g5 18. Ne6 Nc6 19. Bg3 Bb4 20. f4 gxf4 21. Nxf4 Bc5+ 22. Bf2 Bxf2+ 23. Kxf2 Ne5 24. h3 Rd8 25. Rxd8+ Kxd8 26. Nd5 Nd7 27. Ke3 Ke8 28. Kd4 Kf7 29. Kxc4 Ke6 30. Kd4 Kf5 31. Ke3 Ke5 32. Nf4 Nb6 33. b3 Nc8 34. Nd3+ Kd5 35. c4+ Kd6 36. Kf4 Ne7 37. g4 Kc6 38. Ke4 b6 39. Nb4+ Kb7 40. Nd5 Nc6 41. Nxf6 Nb4 42. a3 Nc2 43. Nxh7 Nxa3 44. g5 Nxc4 45. bxc4 a5 46. g6 a4 47. g7 1-0

[Event "Gibraltar Junior Intl U16 2019"]
[Site "Caleta"]
[Date "2019.08.16"]
[Round "1.4"]
[White "Hirst, Joe"]
[Black "Cesar Maestre, Bernardo"]
[Result "0-1"]
[ECO "B92"]
[WhiteElo "1639"]
[BlackElo "2084"]
[Annotator "NA"]
[PlyCount "92"]
[EventDate "2019.08.16"]
[EventType "swiss"]
[EventCountry "GGB"]
[SourceTitle "playchess.com"]
[Source "ChessBase"]
[SourceQuality "1"]
[TimeControl "6600+10"]

1. e4 c5 2. Nf3 d6 3. d4 cxd4 4. Nxd4 Nf6 5. Nc3 a6 6. Be2 e5 7. Nb3 Be7 8. O-O O-O 9. Be3 Be6 10. Nd5 Bxd5 11. exd5 Nbd7 12. c4 b6 {[%emt 0:00:54] B92: Sicilian Najdorf: 6 Be2} (12... a5 13. Nd2 Ne8 14. g3 f5 15. f4 g6 16. Kh1 b6 17. Nb1 Nc5 18. Nc3 Bf6 19. Qd2 Nc7 20. Rae1 {1-0 (42) Stojanovic,D (2499)-Bogut,Z (2434) Bol 2015}) 13. f4 Rc8 14. Rc1 Ne4 $146 ({Predecessor:} 14... exf4 15. Bxf4 Qc7 16. Kh1 Nc5 17. Nd4 Qd7 18. Nc6 Rfe8 19. b4 Nb7 20. Qd4 Bd8 21. Bd3 Rxc6 22. dxc6 Qxc6 23. Rce1 a5 24. Rxe8+ Nxe8 25. Be4 Qd7 26. Qd5 Qg4 27. Qxb7 {1-0 (27) Velasquez,E (1931)-Flores Medina,A Cumana 2014}) 15. Bf3 Nec5 16. Bxc5 bxc5 17. fxe5 Nxe5 18. Qc2 f5 19. Rce1 Bf6 20. Nc1 Qd7 21. b3 Rce8 22. Nd3 Nxf3+ 23. Rxf3 Rxe1+ 24. Nxe1 Qe7 25. Nd3 Qe4 26. Qd2 g6 27. Kf1 Re8 28. Rf2 Qd4 29. Re2 Re4 30. Ne1 (30. Nf2 $11 Qa1+ 31. Re1 Rxe1+ 32. Qxe1) 30... Qe5 31. Nf3 Qe7 32. Qe1 Kg7 33. Nd2 Rf4+ 34. Rf2 Rxf2+ $17 35. Kxf2 Bd4+ 36. Kf1 Qf6 37. Qe2 Bc3 38. Nf3 g5 39. Qe3 h6 40. g3 Ba5 41. Ng1 Qa1+ 42. Kg2 Qe5 43. Qf2 Kf6 44. Nf3 Qe4 45. Kf1 Bc3 46. Kg2 g4 {[%emt 0:00:07] Ng1} 0-1

[Event "Gibraltar Junior Intl U16 2019"]
[Site "Caleta"]
[Date "2019.08.16"]
[Round "1.5"]
[White "Kracht, Raphael"]
[Black "Major, Richard"]
[Result "1-0"]
[ECO "C08"]
[WhiteElo "2072"]
[BlackElo "1615"]
[Annotator "NA"]
[PlyCount "71"]
[EventDate "2019.08.16"]
[EventType "swiss"]
[EventCountry "GGB"]
[SourceTitle "playchess.com"]
[Source "ChessBase"]
[SourceQuality "1"]
[TimeControl "6600+10"]

1. e4 e6 2. d4 d5 3. Nd2 c5 4. exd5 exd5 5. Ngf3 Nf6 6. Bb5+ Bd7 7. Bxd7+ Nbxd7 8. O-O Be7 9. dxc5 {[%emt 0:00:40] C08: French Tarrasch: 3...c5 4 exd5 exd5 sidelines} O-O (9... Nxc5 10. Nd4 O-O 11. Nf5 Re8 12. Nxe7+ Qxe7 13. Nb3 Nce4 14. Nd4 Qc7 15. c3 h6 16. f3 Nd6 17. Bf4 Nh5 18. Bxd6 Qxd6 19. Qd2 {½-½ (73) Vallejo Pons,F (2707)-Savchenko,B (2566) Riadh 2017}) 10. b4 a5 11. c3 Qc7 $146 ({Predecessor:} 11... Ne4 12. Nxe4 dxe4 13. Nd4 Bf6 14. Be3 axb4 15. cxb4 Ra3 16. Qc2 Rd3 {1-0 (27) Remete,E (2068)-Palla,G (2082) Hungary 2011}) 12. Bb2 Rad8 13. Nb3 axb4 14. cxb4 Rfe8 15. Nbd4 b6 16. c6 Nb8 17. Rc1 b5 18. Nxb5 Qb6 19. c7 Qxb5 20. cxd8=Q Rxd8 21. a3 Ne4 22. Nd4 Qb6 23. Nf5 Bg5 24. Rc2 g6 25. Qd4 Qxd4 26. Nxd4 Nd2 27. Bc1 Nxf1 28. Bxg5 f6 29. Bc1 Nxh2 30. Kxh2 Nd7 31. Be3 Ne5 32. Nc6 Ng4+ 33. Kg3 Nxe3 34. fxe3 Re8 35. Kf3 h5 $18 36. b5 1-0

[Event "Gibraltar Junior Intl U16 2019"]
[Site "Caleta"]
[Date "2019.08.16"]
[Round "1.6"]
[White "Kuzhelev, Timur"]
[Black "Tadevosyan, Aspet"]
[Result "1-0"]
[ECO "B25"]
[WhiteElo "1597"]
[BlackElo "2038"]
[Annotator "NA"]
[PlyCount "113"]
[EventDate "2019.08.16"]
[EventType "swiss"]
[EventCountry "GGB"]
[SourceTitle "playchess.com"]
[Source "ChessBase"]
[SourceQuality "1"]
[TimeControl "6600+10"]

1. e4 c5 2. Nf3 d6 3. d3 Nc6 4. g3 g6 5. Bg2 Bg7 6. O-O e5 7. Nc3 Nge7 8. Ne2 {[%emt 0:00:22] B25: Closed Sicilian: 3 g3, lines without early Be3} (8. Nd2 O-O 9. Nc4 Be6 10. Nd5 Kh8 11. c3 Qd7 12. a4 f5 13. a5 Bg8 14. Nxe7 Nxe7 15. Qa4 Rad8 16. Bg5 Bf6 17. Bxf6+ Rxf6 18. exf5 gxf5 {1-0 (56) Grischuk,A (2767)-Gelfand,B (2695) Moscow 2018}) 8... d5 9. Nd2 O-O 10. f4 $146 ({Predecessor:} 10. Nc3 Be6 11. exd5 Nxd5 12. Nde4 Nxc3 13. bxc3 Qa5 14. c4 Nd4 15. Nd6 Qb6 {0-1 (35) Igriashvili,Z (2425)-Chuiko,A (2309) Tula 2000}) 10... exf4 11. Nxf4 d4 12. Nf3 Bg4 13. Bd2 Ne5 14. h3 Bxf3 15. Bxf3 Qd7 16. Kg2 Rac8 17. b3 h6 18. h4 g5 19. hxg5 hxg5 20. Nh5 f6 21. Nxg7 Kxg7 22. Bh5 Rh8 23. Rh1 Rh7 24. Qe2 Rch8 25. g4 N7g6 26. Bxg6 Rxh1 27. Rxh1 Rxh1 28. Bf5 Qe8 29. Kxh1 Qh8+ 30. Kg2 Qf8 31. Be1 b5 32. Bg3 b4 33. Bxe5 fxe5 34. Qf1 a5 35. Qh1 Qh8 36. Qe1 Qh6 37. Qg3 Qf6 38. Qh2 Kf8 39. Kf3 Qg7 40. Ke2 Ke7 41. Kd1 Kf8 42. Kc1 Ke7 43. Kb2 Kd6 44. Qh5 Ke7 45. Qh3 Kf6 46. Qf1 Ke7 47. Bc8 Kd6 48. Qf5 Qe7 49. Ba6 Qg7 50. Qc8 Qd7 51. Qb8+ Qc7 52. Qf8+ Qe7 53. Qh6+ Kc7 54. Bb5 Kd8 55. Qc6 Qf7 56. Qxc5 Qe7 57. Qc6 1-0

[Event "Gibraltar Junior Intl U16 2019"]
[Site "Caleta"]
[Date "2019.08.16"]
[Round "1.7"]
[White "Revaliente Montoya, Ciro"]
[Black "Seleznev, Egor"]
[Result "1-0"]
[ECO "C45"]
[WhiteElo "2006"]
[BlackElo "1590"]
[Annotator "NA"]
[PlyCount "87"]
[EventDate "2019.08.16"]
[EventType "swiss"]
[EventCountry "GGB"]
[SourceTitle "playchess.com"]
[Source "ChessBase"]
[SourceQuality "1"]
[TimeControl "6600+10"]

1. e4 e5 2. Nf3 Nc6 3. d4 exd4 4. Nxd4 Nf6 5. Nxc6 bxc6 6. Qe2 {[%emt 0:00:05] C45: Scotch Game} (6. e5 Qe7 7. Qe2 Nd5 8. c4 Nb6 9. Nc3 a5 10. Bd2 g6 11. Ne4 Bg7 12. Nf6+ Kd8 13. O-O-O Ba6 14. Qg4 Kc8 15. Bxa5 h5 16. Qg3 h4 17. Qg4 Qxe5 {½-½ (38) Radjabov,T (2756)-Topalov,V (2740) Shamkir 2019}) 6... Qe7 7. Nc3 g6 8. Bg5 d6 9. e5 dxe5 10. Qf3 Bg7 $146 ({Predecessor:} 10... Qe6) 11. Qxc6+ Qd7 12. Qxa8 O-O 13. Bxf6 Bxf6 14. Qd5 Qe7 15. O-O-O Be6 16. Qb5 c6 17. Qxc6 Rc8 18. Qd6 Bg5+ 19. Kb1 Qf6 20. Ba6 Rd8 21. Qxd8+ Qxd8 22. Rxd8+ Bxd8 23. Rd1 Bb6 24. f3 h5 25. Ne4 Kg7 26. c4 Bf5 27. Rd5 f6 28. c5 Bc7 29. Kc1 Be6 30. Rd3 f5 31. Ng5 Kf6 32. Nxe6 Kxe6 33. Bc8+ Kf6 34. Rd7 Ba5 35. Rxa7 Bd8 36. c6 g5 37. c7 Bxc7 38. Rxc7 g4 39. a4 Kg5 40. a5 Kf4 41. Rf7 gxf3 42. Rxf5+ Ke3 43. Rxf3+ Ke2 44. Ba6+ 1-0

[Event "Gibraltar Junior Intl U16 2019"]
[Site "Caleta"]
[Date "2019.08.16"]
[Round "1.8"]
[White "Dharmasena, Gavith"]
[Black "Martinez Soriano, Javier"]
[Result "0-1"]
[ECO "A08"]
[WhiteElo "1585"]
[BlackElo "1992"]
[Annotator "NA"]
[PlyCount "84"]
[EventDate "2019.08.16"]
[EventType "swiss"]
[EventCountry "GGB"]
[SourceTitle "playchess.com"]
[Source "ChessBase"]
[SourceQuality "1"]
[TimeControl "6600+10"]

1. e4 e6 2. d3 c5 3. Nd2 Nc6 4. Ngf3 g6 5. g3 Bg7 6. Bg2 Nf6 7. O-O O-O 8. Re1 d5 9. c3 a5 10. e5 {[%emt 0:01:01] A08: King's Indian Attack} (10. a4 b6 11. Nb1 Ba6 12. e5 Nd7 13. Bf4 f6 14. exf6 Qxf6 15. Qd2 e5 16. Bg5 Qxf3 17. Bxf3 Rxf3 {1-0 (34) Amin,B (2661)-Grandelius,N (2641) Baku 2016}) 10... Ng4 11. d4 cxd4 12. cxd4 f6 13. h3 Nxf2 14. Kxf2 fxe5 15. Kg1 e4 16. Nxe4 dxe4 17. Rxe4 a4 $146 ({Predecessor:} 17... Rf5) 18. Bf4 Qb6 19. Qd2 Rd8 20. Rd1 Ra5 21. Bg5 Rd6 22. Qc2 e5 23. Kh2 Bf5 24. Qc4+ Be6 25. Qe2 Qb5 26. Rd2 Bf5 ({Much worse is} 26... Nxd4 $6 27. Nxd4 exd4 28. Bf4 $16) 27. Re3 Qxe2 28. Rdxe2 e4 29. Ne1 Bxd4 30. Ra3 b5 31. Bf4 {[%emt 0:00:58] [#]} Rf6 $1 32. Bxe4 b4 33. Rf3 Bxe4 34. Rxe4 Bxb2 35. Bh6 $2 (35. Nd3 Bc3 36. Nf2) 35... Rxf3 36. Re8+ Kf7 37. Rf8+ Ke7 38. Rxf3 Rf5 39. Rxf5 gxf5 40. Nd3 a3 41. Kg2 b3 42. Bg5+ $19 Bf6 0-1

[Event "Gibraltar Junior Intl U16 2019"]
[Site "Caleta"]
[Date "2019.08.16"]
[Round "1.9"]
[White "Akeya-Price, Robert"]
[Black "Miller, Max C"]
[Result "1/2-1/2"]
[ECO "D01"]
[WhiteElo "1988"]
[BlackElo "1563"]
[Annotator "NA"]
[PlyCount "57"]
[EventDate "2019.08.16"]
[EventType "swiss"]
[EventCountry "GGB"]
[SourceTitle "playchess.com"]
[Source "ChessBase"]
[SourceQuality "1"]
[TimeControl "6600+10"]

1. d4 Nf6 2. Nc3 d5 3. Bg5 e6 4. e3 Be7 5. Bd3 Nbd7 6. f4 {[%emt 0:05:55] D01: Veresov Opening} (6. Nf3 O-O 7. O-O b6 8. h3 Bb7 9. Bf4 c5 10. Re1 a6 11. a3 b5 12. Bf1 Qb6 13. Ne5 Nxe5 14. Bxe5 Nd7 15. Bg3 Bf6 16. Ne2 g6 17. c3 Rad8 18. b4 {½-½ (18) Pavlov,M (2491)-Enkhnar,E (2438) Alushta 2016}) 6... c5 7. Nf3 b6 8. O-O $146 ({Predecessor:} 8. Ne5 Nxe5 9. fxe5 Nd7 10. Bf4 a6 11. Qf3 c4 {1-0 (39) Reichenbach,W (2255)-Meister,B Berlin 1994}) 8... h6 9. Bxf6 Bxf6 10. Nb5 Be7 11. Ne5 Nxe5 12. fxe5 c4 13. Rxf7 Kxf7 14. Qh5+ Kg8 15. Bg6 Bd7 16. Bf7+ Kf8 17. Rf1 Bf6 18. exf6 gxf6 {[%emt 0:04:14] [#]} 19. Qg6 $1 f5 20. Bxe6 Bxe6 21. Qxe6 Qe8 22. Qxf5+ Kg7 23. Qf6+ Kh7 24. Qf5+ Kg7 25. Rf3 Rf8 $18 26. Nc7 Rxf5 27. Nxe8+ Kg6 28. Nc7 Rxf3 29. gxf3 1/2-1/2

[Event "Gibraltar Junior Intl U16 2019"]
[Site "Caleta"]
[Date "2019.08.16"]
[Round "1.10"]
[White "Nayak, Aurideep"]
[Black "Serrano Almendros, Alejandro"]
[Result "0-1"]
[ECO "C11"]
[WhiteElo "1546"]
[BlackElo "1922"]
[Annotator "NA"]
[PlyCount "72"]
[EventDate "2019.08.16"]
[EventType "swiss"]
[EventCountry "GGB"]
[SourceTitle "playchess.com"]
[Source "ChessBase"]
[SourceQuality "1"]
[TimeControl "6600+10"]

1. e4 e6 2. d4 d5 3. Nc3 Nf6 4. e5 Nfd7 5. Bd3 c5 6. Be3 {[%emt 0:01:43] C11: French: Classical System: 4 e5 and 4 Bg5 dxe4} Nc6 7. Bb5 cxd4 8. Bxd4 a6 9. Bxc6 bxc6 10. f4 Rb8 11. Qc1 $146 ({Predecessor:} 11. Rb1 c5 12. Bf2 Bb7 13. Nf3 {0-1 (45) Serjmyadag,D (2015)-Ho,V (2286) Taipa 2014}) 11... Qa5 12. a3 c5 13. b4 Qc7 14. bxc5 Bxc5 15. Bxc5 Qxc5 16. Nge2 O-O 17. Qd2 Bb7 18. Qd4 Rfc8 19. Qxc5 Rxc5 20. Kd2 Rbc8 21. Rhb1 Ba8 22. Rb3 $15 Rc4 23. Rb4 R4c7 24. g3 a5 25. Rd4 f6 26. exf6 gxf6 27. Rc1 Nb6 28. Na4 Nc4+ 29. Kd3 Bb7 30. Nec3 Ba6 31. Re1 Kf7 32. Ke2 Nxa3+ 33. Kd2 Nb5 34. Nxb5 Rxc2+ 35. Ke3 Bxb5 36. Nb6 R8c3+ 0-1

[Event "Gibraltar Junior Intl U16 2019"]
[Site "Caleta"]
[Date "2019.08.16"]
[Round "1.11"]
[White "Llena Velarde, David"]
[Black "Lv, Jason"]
[Result "1-0"]
[ECO "C54"]
[WhiteElo "1920"]
[BlackElo "1532"]
[Annotator "NA"]
[PlyCount "85"]
[EventDate "2019.08.16"]
[EventType "swiss"]
[EventCountry "GGB"]
[SourceTitle "playchess.com"]
[Source "ChessBase"]
[SourceQuality "1"]
[TimeControl "6600+10"]

1. e4 e5 2. Nf3 Nc6 3. Bc4 Bc5 4. c3 Nf6 5. d3 h6 6. O-O d6 7. b4 {[%emt 0:00:30] C54: Giuoco Piano: 4 c3 Nf6, main lines with 5 d4 and 5 d3} (7. Nbd2 O-O 8. Re1 a6 9. a4 Ba7 10. h3 Re8 11. b4 Be6 12. Bxe6 Rxe6 13. Qc2 Ne7 14. Nf1 Qd7 15. Ng3 {1-0 (56) Wang,H (2726)-Malakhov,V (2667) China 2019}) 7... Bb6 8. Bb3 a5 9. b5 Ne7 10. Nbd2 O-O 11. Nc4 c6 $146 ({Predecessor:} 11... Ba7 12. a4 Ng6 13. Re1 Re8 14. h3 Be6 {½-½ (34) Lanz Calavia,J (2144)-Bittner,A (2318) ICCF email 2016}) 12. Nxb6 Qxb6 13. Be3 Qd8 14. bxc6 bxc6 15. h3 Ba6 16. Re1 Ng6 17. Ba4 Qc7 18. Qc2 d5 19. Bc5 Rfc8 20. g3 dxe4 21. dxe4 Qd7 22. Kh2 Qc7 ({Better is} 22... Bd3 $17 23. Qd2 Bxe4 24. Rxe4 Qd5 {[%mdl 64] Double Attack}) 23. Rab1 Rab8 24. Rxb8 Rxb8 25. Rd1 Re8 26. Bd6 Qc8 27. c4 Rd8 28. c5 $16 Bb5 29. Re1 Re8 30. Nd2 Qa6 31. Re3 Rd8 32. Bxb5 cxb5 33. a4 Ne8 34. axb5 Qxb5 35. Nc4 Nxd6 36. Nxd6 Qc6 37. Rd3 Nf8 38. Rd5 Ne6 39. Nf5 Kf8 40. Qd2 Rxd5 41. exd5 Qd7 42. c6 Qd8 43. d6 1-0

[Event "Gibraltar Junior Intl U16 2019"]
[Site "Caleta"]
[Date "2019.08.16"]
[Round "1.12"]
[White "Mendis, Vidura"]
[Black "Tombolis, Christopher"]
[Result "1/2-1/2"]
[ECO "B23"]
[WhiteElo "1528"]
[BlackElo "1874"]
[Annotator "NA"]
[PlyCount "92"]
[EventDate "2019.08.16"]
[EventType "swiss"]
[EventCountry "GGB"]
[SourceTitle "playchess.com"]
[Source "ChessBase"]
[SourceQuality "1"]
[TimeControl "6600+10"]

1. e4 c5 2. Nc3 Nc6 3. f4 g6 4. Nf3 Bg7 5. Bb5 Nd4 6. O-O a6 7. Be2 {[%emt 0:03:49] B23: Closed Sicilian: Lines without g3} (7. Bd3 Nc6 8. e5 d6 9. Qe2 dxe5 10. fxe5 Nh6 11. Kh1 Bg4 12. Be4 Rc8 13. d3 Nf5 14. e6 f6 15. Qf2 {1-0 (37) Petrosian,T (2648)-Jaracz,P (2548) Warsaw 2012}) 7... e6 8. e5 d5 9. d3 Ne7 10. Bd2 $146 ({Predecessor:} 10. Nxd4 cxd4 11. Nb1 O-O 12. Bf3 Bd7 13. Nd2 Rc8 14. Nb3 Nc6 {0-1 (35) Shao,S (1673)-Santeramo,A (1983) Al Ain 2013}) 10... Ndc6 11. Qe1 O-O 12. Qf2 b6 13. a3 f6 14. exf6 $1 Bxf6 15. Rae1 Nf5 16. Rd1 Ncd4 17. Rc1 Bb7 18. Kh1 Qd7 19. b3 b5 20. Nd1 Rae8 21. Ne3 Nxf3 22. Bxf3 Nd4 23. Ng4 Bg7 24. Bd1 $19 ({White should try} 24. Qh4 $15) 24... h5 25. Ne3 e5 26. Qg3 exf4 27. Rxf4 Rxf4 28. Qxf4 Rf8 29. Qg5 Qc6 30. c3 Nf5 31. Bf3 Nxe3 32. Bxe3 Rxf3 33. gxf3 d4 34. cxd4 Qxf3+ 35. Kg1 Qh1+ 36. Kf2 Qxh2+ 37. Kf1 Qh3+ 38. Kf2 Qf3+ 39. Ke1 cxd4 40. Bxd4 Qxd3 41. Bxg7 Kxg7 42. Qe7+ Kh6 43. Qf8+ Kg5 44. Qe7+ Kh6 45. Qf8+ Kg5 46. Rc5+ Kg4 1/2-1/2

[Event "Gibraltar Junior Intl U16 2019"]
[Site "Caleta"]
[Date "2019.08.16"]
[Round "1.13"]
[White "Maldonado Mena, German"]
[Black "Hussain, Adam"]
[Result "0-1"]
[ECO "A40"]
[WhiteElo "1850"]
[BlackElo "1515"]
[Annotator "NA"]
[PlyCount "134"]
[EventDate "2019.08.16"]
[EventType "swiss"]
[EventCountry "GGB"]
[SourceTitle "playchess.com"]
[Source "ChessBase"]
[SourceQuality "1"]
[TimeControl "6600+10"]

1. d4 e6 2. c4 b6 3. Nc3 Bb7 4. e4 Bb4 5. Bd3 f5 6. d5 fxe4 7. Bxe4 Nf6 {[%emt 0:01:35] A40: Unusual replies to 1 d4} 8. Bf3 Bxc3+ 9. bxc3 e5 (9... O-O 10. Ne2 e5 11. Ng3 d6 12. O-O Nbd7 13. Be2 Qe8 14. f4 Ba6 15. Qc2 {1-0 (42) Gupta,A (2521)-Bauer,C (2619) Differdange 2008}) 10. d6 $146 ({Predecessor:} 10. Bh5+ g6 11. Be2 d6 12. Nf3 Nbd7 13. Ng5 Nc5 14. h4 Qe7 15. Be3 {0-1 (38) Fernandez Diaz,C (2259)-Ryan,J (2258) Barcelona 2017}) 10... e4 11. Bh5+ g6 12. Be2 cxd6 13. Qxd6 Qe7 14. Qxe7+ Kxe7 15. Ba3+ d6 16. O-O-O Rd8 17. f3 Na6 18. Nh3 Nc5 19. Rhe1 h6 20. Bxc5 dxc5 21. fxe4 Rxd1+ 22. Bxd1 Nd7 23. e5 (23. Nf4 $11) 23... Rf8 24. g3 g5 25. Bg4 Bc6 26. Re2 Bf3 $15 27. Bxf3 Rxf3 28. Kc2 Ke6 29. Nf2 h5 30. Ne4 Rf5 31. h3 g4 32. hxg4 hxg4 33. Nf2 Rxe5 34. Rd2 Nf6 35. Kd3 Kf5 36. a4 a5 37. Rd1 Nh5 38. Rh1 Nxg3 39. Rh8 Kf4 40. Rf8+ Nf5 41. Rg8 g3 42. Nh3+ Kf3 43. Ng5+ Kf2 44. Ne4+ Kg1 45. Rxg3+ Nxg3 46. Nxg3 Kf2 47. Ne4+ Kf3 48. Nd6 Re3+ 49. Kc2 Re2+ 50. Kb3 Re6 51. Nb5 Ke3 52. Nc7 Rd6 53. Nd5+ Ke4 54. Nc7 Kd3 55. Nd5 Kd2 56. Kb2 Rh6 57. Nc7 Kd3 58. Kb3 Rh1 59. Nd5 Rb1+ 60. Ka2 Kxc4 61. Ne3+ Kd3 62. Nd5 Rc1 63. Kb2 Rc2+ 64. Kb3 c4+ 65. Ka3 Rxc3+ 66. Nxc3 Kxc3 67. Ka2 Kd4 0-1

[Event "Gibraltar Junior Intl U16 2019"]
[Site "Caleta"]
[Date "2019.08.16"]
[Round "1.14"]
[White "Guerreiro, Jose Velho"]
[Black "Howell, Oliver W"]
[Result "0-1"]
[ECO "E61"]
[WhiteElo "1513"]
[BlackElo "1847"]
[Annotator "NA"]
[PlyCount "68"]
[EventDate "2019.08.16"]
[EventType "swiss"]
[EventCountry "GGB"]
[SourceTitle "playchess.com"]
[Source "ChessBase"]
[SourceQuality "1"]
[TimeControl "6600+10"]

1. d4 Nf6 2. c4 g6 3. Nc3 Bg7 4. Nf3 O-O 5. Bf4 d6 6. Qd2 {[%emt 0:02:45] E61: King's Indian: Early deviations for White, including Smyslov System} (6. e3 Nc6 7. h3 Nd7 8. Be2 h6 9. O-O e5 10. Bh2 Re8 11. Rc1 exd4 12. Nxd4 Nde5 13. Nf3 a5 14. Qd2 Nxf3+ 15. Bxf3 {0-1 (78) Georgiev,K (2623)-Melkumyan,H (2633) Riadh 2017}) 6... c5 7. d5 Bf5 8. e3 $146 ({Predecessor:} 8. Bh6 Ne4 9. Nxe4 Bxe4 10. h4 Bxf3 11. Bxg7 Kxg7 12. gxf3 h5 13. e4 a5 {0-1 (24) Domingues,J (1995)-De Lima,M (1800) Sao Sebastiao do Paraiso 2017}) 8... Re8 9. Bd3 Bxd3 10. Qxd3 Nbd7 11. O-O Ng4 12. Rad1 Nge5 13. Nxe5 Nxe5 14. Bxe5 Bxe5 15. Rfe1 Qa5 16. a3 a6 17. Re2 Reb8 18. Na2 b5 19. cxb5 axb5 20. f4 Bf6 21. e4 Bd4+ 22. Kf1 b4 $15 (22... Bg7 $19 23. Nc3 Bxc3 24. bxc3 Qxa3) 23. Nxb4 $1 cxb4 24. Qxd4 bxa3 25. bxa3 Qxa3 26. e5 Rb4 27. Qd2 Raa4 28. Rf2 Rd4 29. Qc1 Qxc1 30. Rxc1 Rxf4 31. exd6 exd6 32. Rc8+ Kg7 33. Rc6 Ra1+ 34. Ke2 Ra2+ 0-1

[Event "Gibraltar Junior Intl U16 2019"]
[Site "Caleta"]
[Date "2019.08.16"]
[Round "1.15"]
[White "Gutierrez Lupion, Daniel"]
[Black "Guilfanov, Raphael"]
[Result "1-0"]
[ECO "B23"]
[WhiteElo "1811"]
[BlackElo "1493"]
[Annotator "NA"]
[PlyCount "37"]
[EventDate "2019.08.16"]
[EventType "swiss"]
[EventCountry "GGB"]
[SourceTitle "playchess.com"]
[Source "ChessBase"]
[SourceQuality "1"]
[TimeControl "6600+10"]

1. e4 c5 2. Nc3 Nc6 3. f4 e6 4. Nf3 Nf6 5. Bb5 Nh5 6. d3 d5 7. O-O d4 8. Ne5 dxc3 9. Nxc6 Qb6 10. Nxa7+ Bd7 11. Bxd7+ Kxd7 12. Qxh5 cxb2 13. Qxf7+ Be7 14. Rb1 bxc1=Q 15. Rxb6 Qe3+ 16. Kh1 Rxa7 17. Qxe6+ Ke8 18. Qc8+ Bd8 19. Re6+ 1-0

[Event "Gibraltar Junior Intl U16 2019"]
[Site "Caleta"]
[Date "2019.08.16"]
[Round "1.16"]
[White "Gough, Theo"]
[Black "Krivenko, Dion"]
[Result "0-1"]
[ECO "E94"]
[WhiteElo "1474"]
[BlackElo "1810"]
[Annotator "NA"]
[PlyCount "54"]
[EventDate "2019.08.16"]
[EventType "swiss"]
[EventCountry "GGB"]
[SourceTitle "playchess.com"]
[Source "ChessBase"]
[SourceQuality "1"]
[TimeControl "6600+10"]

1. d4 Nf6 2. c4 g6 3. Nc3 Bg7 4. e4 O-O 5. Be2 d6 6. Nf3 Nbd7 7. O-O e5 8. d5 a5 9. a4 Nc5 10. Qc2 Ne8 11. Be3 f5 12. Bxc5 dxc5 13. exf5 gxf5 14. Rfe1 Nd6 15. Ra3 Bd7 16. Nb5 Bxb5 17. axb5 b6 18. Bd1 e4 19. Nd2 Bd4 20. Rg3+ Kh8 21. Bh5 Qf6 22. b3 Rg8 23. Rh3 Qg5 24. g4 Raf8 25. Kh1 Bxf2 26. Rf1 fxg4 27. Qb2+ Bd4 0-1